 Dungeon Sprint DCSS version 0.24-a0-250-g6074511092 (webtiles) character file.

Game seed: 1930101502295562036

17755 Redear the Grappler (level 12, -13/133 HPs)
             Began as a Troll Fighter on Apr 15, 2019.
             Was the Champion of Cheibriados.
             Mangled by an orc warlord
             ... wielding a +0 battleaxe
              (55 damage)
             ... in the Dungeon (Sprint VII: "The Pits").
             The game lasted 00:08:05 (1380 turns).

Redear the Grappler (Troll Fighter)                 Turns: 1380, Time: 00:08:06

Health: -13/133    AC: 10    Str: 42    XL:     12   Next: 21%
Magic:  9/19       EV: 22    Int: 23    God:    Cheibriados [******]
Gold:   32         SH: 16    Dex: 29    Spells: 11/11 levels left

rFire    + . .     SeeInvis +     - Unarmed
rCold    . . .     Gourm    +   b - +0 shield
rNeg     . . .     Faith    .   k - +0 acid dragon scales
rPois    .         Spirit   .   (helmet restricted)
rElec    .         Reflect  .   (no cloak)
rCorr    +         Harm     .   (gloves unavailable)
MR       .....     NoTele   +   (boots unavailable)
Stlth    ++........             (no amulet)
HPRegen  0.72/turn              f - ring of protection from fire {rF+}
MPRegen  0.16/turn              p - +3 ring of dexterity

@: very slightly contaminated, very slow
A: large, unfitting armour, claws 3, thin skeletal structure 1, see invisible,
fast metabolism 3, gourmand, regeneration 1, shaggy fur 1, tough skin 3,
evolution 1
a: Bend Time, Temporal Distortion, Slouch, Step From Time, Renounce Religion


You were in the Dungeon.
You worshipped Cheibriados.
Cheibriados was exalted by your worship.
You were very full.

You visited 1 branch You collected 32 gold pieces.

Inventory:

Armour
 a - a +0 robe
 b - a +0 shield (worn)
 j - a +2 robe of cold resistance {rC+}
 k - +0 acid dragon scales (worn)
Jewellery
 f - a ring of protection from fire (left claw) {rF+}
 g - an uncursed ring of resist corrosion
 l - a +3 ring of strength
 p - a +3 ring of dexterity (right claw)
 x - a +4 ring of intelligence
Wands
 q - a wand of polymorph (8)
 P - a wand of paralysis (4)
Scrolls
 e - 5 scrolls of amnesia
 u - 3 scrolls of enchant armour
 v - 3 scrolls of fear
 w - a scroll of fog
 y - a scroll of summoning
 B - a scroll of blinking {@r4}
 M - a scroll of magic mapping
 N - 5 scrolls of remove curse {@r2}
 R - 2 scrolls of identify {@r1}
Potions
 c - 4 potions of might {Str+5 DMG+1d10 | @q3}
 d - 2 potions of invisibility
 h - 4 potions of magic
 i - 4 potions of berserk rage
 m - 2 potions of brilliance {Archmagi Int+5 Wiz++}
 n - a potion of resistance {rF+ rC+ rPois rElec rCorr}
 r - a potion of agility {Stlth+ Dex+5 EV+5 | @q4}
 t - 6 potions of heal wounds {@q1}
 H - 3 potions of haste {@q5}
 Q - 8 potions of curing {@q2}
Comestibles
 z - 13 rations


   Skills:
 + Level 12.6 Fighting
 + Level 12.5 Dodging
 + Level 12.6 Shields
 + Level 14.4 Unarmed Combat
 - Level 11.5 Invocations


You had 11 spell levels left.
You didn't know any spells.
Your spell library was empty.

Dungeon Overview and Level Annotations

Branches:
Dungeon (1/1)

Altars:
Ashenzari
Cheibriados
Dithmenos
Elyvilon
Fedhas
Gozag
Hepliaklqana
Kikubaaqudgha
Makhleb
Nemelex Xobeh
Okawaru
Qazlal
Ru
Sif Muna
Trog
Uskayaw
Vehumet
Wu Jian
Xom
Yredelemnul
Zin
The Shining One
Beogh
Jiyva
Lugonu


Innate Abilities, Weirdness & Mutations

You are too large for most types of armour.
You have claws for hands.
Your metabolism is lightning-fast.
You like to eat raw meat.
Your natural rate of healing is unusually fast.
You are covered in fur. (AC +1)
You have extremely tough skin. (AC +3)
You have a somewhat thin skeletal structure. (Dex +2, Stealth)
You have supernaturally acute eyesight. (SInv)
You evolve.


Message History

* * * LOW HITPOINT WARNING * * *
You take 16 damage, and have 39/133 hp.
You completely miss the orc knight.
The orc knight is severely wounded.
You block the orc knight's attack.
You mangle the orc knight!!
You kill the orc knight!
Cheibriados thoroughly appreciates the change of pace.
You feel much better. The orc knight closely misses you.
You regained 26 hp, and now have 66/133 hp.
You claw the orc knight!
The orc knight is lightly wounded.
The orc warlord hits you with a +0 battleaxe!!
You take 25 damage, and have 41/133 hp.
Okay, then.
You closely miss the orc knight.
The orc knight is lightly wounded.
The orc knight misses you.
The orc warlord hits you with a +0 battleaxe!!!
You die...

#++################
#.............().(.
#..).†.oo......()).
#oo##############oo
#.@# .○o #..# R☼°.
###### #..# #....
.##..# #..# ###..
.##..# #..# ...
.''..# #..# ..o
.''..##########..#
.##)))........÷..#
.##.).)..).......#


You could see an orc warlord and an orc knight.

Vanquished Creatures
  A black draconian (D)
  Urug (D)
  An unseen horror (D)
  A lindwurm (D)
  Pikel (D)
  5 orc knights (D)
  An ugly thing (D)
  Maurice (D)
  An orange demon (D)
  A kobold demonologist (D)
  An efreet (D)
  2 rime drakes (D)
  A komodo dragon (D)
  3 demonic crawlers (D)
  An ice devil (D)
  A troll (D)
  A yaktaur (D)
  A guardian mummy (D)
  A merfolk (D)
  A tyrant leech (D)
  2 hornets (D)
  2 bog bodies (D)
  A hippogriff (D)
  4 blink frogs (D)
  4 slime creatures (D)
  7 dream sheep (D)
  6 yaks (D)
  A ynoxinul (D)
  A small abomination (D)
  2 spriggans (D)
  A vampire (D)
  A wyvern (D)
  A fire elemental (D)
  4 vampire mosquitoes (D)
  Menkaure (D)
  A soldier ant (D)
  An acid dragon (D)
  Duvessa (D)
  3 floating eyes (D)
  A slave (D)
  A black bear (D)
  3 orc warriors (D)
  A necrophage (D)
  3 wolves (D)
  A centaur (D)
  A big kobold (D)
  An earth elemental (D)
  Dowan (D)
  4 killer bees (D)
  A crimson imp (D)
  A quasit (D)
  2 orc wizards (D)
  An orc priest (D)
  2 gnoll shamans (D)
  A worker ant (D)
  10 gnolls (D)
  8 orcs (D)
  A giant cockroach (D)
  A goblin (D)
  A hobgoblin (D)
  A quokka (D)
  A ball python (D)
  A bat (D)
  A quokka skeleton (D)
  A rat (D)
122 creatures vanquished.

Vanquished Creatures (others)
  An orc priest (D)
  An orc wizard (D)
2 creatures vanquished.

Grand Total: 124 creatures vanquished

Notes
Turn   | Place    | Note
-------+----------+-------------------------------------------
     0 | D        | Redear the Troll Fighter began the quest for the Orb.
     0 | D        | Reached XP level 1. HP: 22/22 MP: 0/0
    40 | D        | Found a glowing golden altar of the Shining One.
    40 | D        | Found a glowing silver altar of Zin.
    40 | D        | Found a basalt altar of Yredelemnul.
    40 | D        | Found a shimmering altar of Xom.
    40 | D        | Found an ornate altar of the Wu Jian Council.
    40 | D        | Found a bloodstained altar of Trog.
    40 | D        | Found a deep blue altar of Sif Muna.
    40 | D        | Found a sacrificial altar of Ru.
    40 | D        | Found a stormy altar of Qazlal.
    40 | D        | Found an iron altar of Okawaru.
    40 | D        | Found a sparkling altar of Nemelex Xobeh.
    40 | D        | Found a burning altar of Makhleb.
    40 | D        | Found a viscous altar of Jiyva.
    40 | D        | Found a hazy altar of Hepliaklqana.
    40 | D        | Found an opulent altar of Gozag.
    40 | D        | Found a blossoming altar of Fedhas.
    40 | D        | Found a white marble altar of Elyvilon.
    40 | D        | Found a shadowy altar of Dithmenos.
    40 | D        | Found a snail-covered altar of Cheibriados.
    41 | D        | Found a radiant altar of Vehumet.
    41 | D        | Found a corrupted altar of Lugonu.
    41 | D        | Found a roughly hewn altar of Beogh.
    42 | D        | Found an ancient bone altar of Kikubaaqudgha.
    42 | D        | Found a hide-covered altar of Uskayaw.
    42 | D        | Found a shattered altar of Ashenzari.
    50 | D        | Became a worshipper of Cheibriados the Contemplative
    62 | D        | Noticed a floating eye
    64 | D        | Killed a floating eye
    64 | D        | Reached skill level 4 in Fighting
    64 | D        | Reached skill level 4 in Dodging
    64 | D        | Reached skill level 4 in Shields
    64 | D        | Reached skill level 4 in Unarmed Combat
    64 | D        | Reached XP level 2. HP: 33/33 MP: 1/1
    64 | D        | Reached XP level 3. HP: 40/40 MP: 2/2
    64 | D        | Reached XP level 4. HP: 49/49 MP: 3/3
    64 | D        | Noticed a floating eye
    65 | D        | Killed a floating eye
    65 | D        | Reached skill level 5 in Fighting
    65 | D        | Reached skill level 5 in Dodging
    65 | D        | Reached skill level 5 in Shields
    65 | D        | Reached skill level 6 in Unarmed Combat
    65 | D        | Reached XP level 5. HP: 57/57 MP: 4/4
    76 | D        | Reached * piety under Cheibriados
    84 | D        | Reached ** piety under Cheibriados
    87 | D        | Reached *** piety under Cheibriados
    95 | D        | Reached XP level 6. HP: 50/67 MP: 5/5
   107 | D        | Reached **** piety under Cheibriados
   155 | D        | Noticed a slave
   156 | D        | Noticed Pikel
   164 | D        | Killed a slave
   181 | D        | Reached skill level 6 in Fighting
   181 | D        | Reached skill level 6 in Dodging
   181 | D        | Reached skill level 6 in Shields
   181 | D        | Reached skill level 7 in Unarmed Combat
   229 | D        | Noticed a slave
   229 | D        | Noticed a slave
   232 | D        | Reached ***** piety under Cheibriados
   234 | D        | Noticed a slave
   254 | D        | Reached skill level 1 in Invocations
   263 | D        | Killed Pikel
   263 | D        | Reached skill level 7 in Fighting
   263 | D        | Reached skill level 7 in Dodging
   263 | D        | Reached skill level 7 in Shields
   263 | D        | Reached skill level 8 in Unarmed Combat
   263 | D        | Reached skill level 4 in Invocations
   263 | D        | Reached XP level 7. HP: 27/78 MP: 3/9
   327 | D        | Noticed a yak
   333 | D        | Killed a yak
   333 | D        | Reached XP level 8. HP: 88/88 MP: 10/10
   343 | D        | Reached ****** piety under Cheibriados
   343 | D        | Reached skill level 9 in Unarmed Combat
   358 | D        | Noticed Menkaure
   360 | D        | Reached skill level 5 in Invocations
   362 | D        | Reached skill level 8 in Fighting
   362 | D        | Reached skill level 8 in Dodging
   362 | D        | Reached skill level 8 in Shields
   366 | D        | Killed Menkaure
   446 | D        | Noticed a lindwurm
   446 | D        | Noticed a kobold demonologist
   448 | D        | Noticed a hellwing
   454 | D        | Noticed a hellwing
   455 | D        | Noticed a hellwing
   455 | D        | Killed a kobold demonologist
   460 | D        | Killed a lindwurm
   460 | D        | Reached skill level 10 in Unarmed Combat
   460 | D        | Reached skill level 6 in Invocations
   460 | D        | Reached XP level 9. HP: 79/97 MP: 6/12
   476 | D        | Noticed a tyrant leech
   476 | D        | Noticed a demonic crawler
   476 | D        | Noticed Urug
   488 | D        | Killed a demonic crawler
   488 | D        | Reached skill level 9 in Fighting
   488 | D        | Reached skill level 9 in Dodging
   488 | D        | Reached skill level 9 in Shields
   488 | D        | Reached skill level 7 in Invocations
   490 | D        | Killed a tyrant leech
   491 | D        | Paralysed by Urug for 2 turns
   501 | D        | Killed Urug
   568 | D        | Noticed a demonic crawler
   568 | D        | Noticed a demonic crawler
   570 | D        | Reached skill level 11 in Unarmed Combat
   571 | D        | Killed a demonic crawler
   571 | D        | Reached XP level 10. HP: 106/109 MP: 8/14
   571 | D        | Reached skill level 8 in Invocations
   579 | D        | Reached skill level 10 in Fighting
   579 | D        | Reached skill level 10 in Dodging
   579 | D        | Reached skill level 10 in Shields
   643 | D        | Noticed an orange demon
   643 | D        | Noticed Duvessa
   645 | D        | Noticed Dowan
   656 | D        | Killed Duvessa
   665 | D        | Killed Dowan
   667 | D        | Killed an orange demon
   667 | D        | Reached skill level 9 in Invocations
   726 | D        | Killed an unseen horror
   726 | D        | Reached skill level 12 in Unarmed Combat
   856 | D        | Noticed a black draconian
   863 | D        | Killed a black draconian
   948 | D        | Noticed Maurice
   955 | D        | Reached XP level 11. HP: 98/119 MP: 17/17
   955 | D        | Reached skill level 11 in Shields
   955 | D        | Reached skill level 11 in Fighting
   955 | D        | Reached skill level 11 in Dodging
   955 | D        | Reached skill level 10 in Invocations
   956 | D        | Killed Maurice
   956 | D        | Reached skill level 13 in Unarmed Combat
  1140 | D        | Noticed an orc knight
  1149 | D        | Killed an orc knight
  1149 | D        | Reached skill level 11 in Invocations
  1182 | D        | Noticed a brown ugly thing
  1188 | D        | Killed a brown ugly thing
  1212 | D        | Reached skill level 12 in Fighting
  1212 | D        | Reached skill level 12 in Dodging
  1212 | D        | Reached skill level 12 in Shields
  1301 | D        | Reached skill level 14 in Unarmed Combat
  1335 | D        | Noticed an orc knight
  1337 | D        | Gained mutation: You evolve. [potion of mutation]
  1337 | D        | Gained mutation: You have supernaturally acute eyesight.
                  | (SInv) [potion of mutation]
  1337 | D        | Gained mutation: You have a somewhat thin skeletal
                  | structure. (Dex +2, Stealth) [potion of mutation]
  1339 | D        | Noticed an orc knight
  1343 | D        | Reached XP level 12. HP: 99/132 MP: 19/19
  1352 | D        | Noticed an orc warlord
  1354 | D        | Noticed an orc warlord
  1380 | D        | Mangled by an orc warlord

Levels and vault maps discovered:
D:        pitsprint [storerooms_1, entrance_room_1, metal_vault_3, armoury_1,
          mini_pit_1, grid_room_1, main_hall_1, silver_pit, the_coven_1,
          the_vestibule_1, steel_vault_1, golden_pit, hallway_of_sentries,
          crystal_vault_2, iron_vault_2, final_vault]

Skill      XL: |  1  2  3  4  5  6  7  8  9 10 11 |
---------------+----------------------------------+-----
Fighting       | 4 5 7 8 9 10 12 | 12.6
Dodging        | 4 5 7 8 9 10 12 | 12.5
Shields        | 4 5 7 8 9 10 12 | 12.6
Unarmed Combat | 4 6 8 10 11 12 14 | 14.4
Invocations    | 4 6 7 9 11 | 11.5

Action                   |  1- 3 |  4- 6 |  7- 9 | 10-12 || total
-------------------------+-------+-------+-------+-------++-------
Melee: Unarmed           |     5 |    58 |    51 |   114 ||   228
Invok: Slouch            |       |     1 |     4 |    12 ||    17
  Use: Potion            |       |       |     2 |     4 ||     6
       Scroll            |       |       |       |     1 ||     1
 Stab: Sleeping          |       |       |     1 |       ||     1
  Eat: Chunk             |       |     2 |     8 |     5 ||    15
Armor: Robe              |     2 |     9 |     5 |     8 ||    24
       Acid dragon scale |       |       |       |     6 ||     6
Dodge: Dodged            |     2 |    22 |    19 |    75 ||   118
Block: Shield            |     3 |    28 |    31 |    84 ||   146

Table legend:
 A = Non-vault XP
 B = Vault XP
 C = Vault XP percentage of total XP
 D = Non-vault monster count
 E = Vault monster count
 F = Vault count percentage of total count
                 A         B        C        D         E       F
            +---------+---------+-------+---------+---------+-------
      Total |     265 |   25100 |  99.0 |       1 |     122 |  99.2
            +---------+---------+-------+---------+---------+-------
          D |     265 |   25100 |  99.0 |       1 |     122 |  99.2
            +---------+---------+-------+---------+---------+-------
